 Dungeon Crawl Stone Soup version 0.29-a0-997-gf6f7e2dfe7 (webtiles) character file.

Game seed: 11606813540384975271

91 xian the Covered (level 4, -8/35 (40) HPs)
             Began as a Minotaur Fighter on Aug 5, 2022.
             Killed by divine providence
             ... invoked by an orc priest
              (15 damage)
             ... on level 3 of the Dungeon.
             The game lasted 00:06:25 (2805 turns).

xian the Covered (Minotaur Fighter)                 Turns: 2805, Time: 00:06:25

HP:   -8/35 (40)    AC: 10    Str: 22    XL:     4   Next: 34%
MP:   12/12         EV:  6    Int:  5    God:
Gold: 1419          SH: 13    Dex: 10    Spells: 3/3 levels left

rFire   . . .      SeeInvis .   m - +2 short sword (speed)
rCold   . . .      Faith    .   f - +0 kite shield
rNeg    . . .      Spirit   .   n - +0 chain mail
rPois   .          Reflect  +   (helmet restricted)
rElec   .          Harm     .   (no cloak)
rCorr   .          Rampage  .   q - +0 pair of gloves
Will    .....                   (no boots)
Stlth   ..........              o - amulet of reflection
HPRegen 0.11/turn               b - ring of magical power
MPRegen 0.13/turn               (no ring)

@: mighty, heavily drained
A: horns 2, retaliatory headbutt
a: no special abilities


You were on level 3 of the Dungeon.
You visited 1 branch of the dungeon, and saw 3 of its levels.

You collected 1419 gold pieces.

Inventory:

Hand Weapons
 a - a +0 flail
 m - a +2 short sword of speed (weapon)
Armour
 c - the +1 ring mail of the Lime {rElec rF- Will- Int+5}
   (You found it on level 3 of the Dungeon)

   Int:       It affects your intelligence (+5).
   rF:        It makes you vulnerable to fire.
   rElec:     It insulates you from electricity.
   Will:      It decreases your willpower.
 f - a +0 kite shield (worn)
 n - a +0 chain mail (worn)
 q - a +0 pair of gloves (worn)
Jewellery
 b - a ring of magical power (left hand)
 o - an amulet of reflection (around neck)
Wands
 g - a wand of acid (4)
Scrolls
 e - a scroll of magic mapping
 h - a scroll of teleportation
 l - a scroll of immolation
 p - a scroll of poison
Potions
 d - 2 potions of might
 j - a potion of invisibility {unknown}
 k - a potion of attraction {unknown}
 r - a potion of lignification {unknown}
 s - 2 potions of cancellation {unknown}


   Skills:
 + Level 4.0 Fighting
 + Level 0.8 Short Blades
 + Level 3.5 Maces & Flails
 + Level 4.6 Armour
 + Level 0.5 Dodging
 + Level 4.3 Shields


You had 3 spell levels left.
You didn't know any spells.
Your spell library contained the following spells:

 Spells                   Type           Power      Damage    Failure   Level
 Beastly Appendage        Tmut           0%         N/A       100%        1
 Wereblood                Tmut           0%         N/A       100%        2
 Spider Form              Tmut/Pois      0%         N/A       100%        3
 Stone Arrow              Conj/Erth      0%         3d7       100%        3
 Animate Armour           Summ/Erth      0%         N/A       100%        4
 Lehudib's Crystal Spear  Conj/Erth      0%         10d2      100%        8


Dungeon Overview and Level Annotations

Branches:
Dungeon (3/15)

Altars:
Kikubaaqudgha
Okawaru


Innate Abilities, Weirdness & Mutations

You have a pair of horns on your head.
You reflexively headbutt those who attack you in melee.


Message History

The adder attacks as you move away! You block the adder's attack.
You feel better. You block the adder's attack. x2
You feel very mighty all of a sudden. You block the adder's attack.
The orc priest mumbles some strange prayers to Beogh against you.
Beogh smites you!
* * * LOW HITPOINT WARNING * * *
Unknown command.
You hit the adder.
The adder is lightly wounded.
You block the adder's attack.
You closely miss the adder.
The adder is lightly wounded.
The adder barely misses you.
You closely miss the adder.
The adder is lightly wounded.
The adder barely misses you. You block the adder's attack.
You hit the adder. Your headbutt misses the adder.
The adder is severely wounded.
You block the adder's attack.
You hit the adder.
The adder is almost dead.
The adder bites you.
* * * LOW HITPOINT WARNING * * *
You closely miss the adder.
The adder is almost dead.
You block the adder's attack.
You closely miss the adder. Your headbutt misses the adder.
The adder is almost dead.
You block the adder's attack.
You puncture the adder!
You kill the adder!
You barely miss the orc priest. Your headbutt misses the orc priest.
The orc priest is moderately wounded.
The orc priest casts a cantrip, but nothing happens.
You puncture the orc priest!
The orc priest is almost dead.
The orc priest calls down the wrath of Beogh upon you.
Beogh smites you!
You die...

##.##..#######.......#
#.##.## #......)#
#.#..# ..#######
#....# ##.# ##.#.# #.#
#...# #.# ##..## #.#
####)..######..#
+.......roo@$.#
####.....######
##>#### #.# #.# #'#
... ... ...


You could see an orc priest, an orc and a rat.

Vanquished Creatures
  A gnoll (D:1)
  4 adders
  An orc (D:3)
  A ball python (D:3)
  5 endoplasms
  5 goblins
  7 hobgoblins
  6 kobolds
  4 bats (D:2)
  5 frilled lizards
  3 rats
42 creatures vanquished.

Notes
Turn   | Place    | Note
-------+----------+-------------------------------------------
     0 | D:1      | xian the Minotaur Fighter began the quest for the Orb.
     0 | D:1      | Reached XP level 1. HP: 19/19 MP: 0/0
   178 | D:1      | Reached XP level 2. HP: 15/27 MP: 1/1
   975 | D:1      | Identified a scroll of acquirement
   977 | D:1      | Acquired 1236 gold pieces
  1284 | D:2      | Found a faded altar of an unknown god.
  1310 | D:2      | Reached XP level 3. HP: 27/33 MP: 2/2
  2128 | D:2      | Reached XP level 4. HP: 40/40 MP: 3/3
  2580 | D:3      | Identified the +1 ring mail of the Lime {rElec rF- Will-
                  | Int+5}
  2633 | D:3      | Found an ancient bone altar of Kikubaaqudgha.
  2635 | D:3      | Found an iron altar of Okawaru.
  2805 | D:3      | Killed from afar by an orc priest

Illustrated notes

Levels and vault maps discovered:
D:1:      shiori_arrival_maze, layout_loops_ring, chequers_serial_rivers_small_3
D:2:      kb_forest_paths, layout_loops_ring, hellmonk_ecumenical_altar_run_dry,
          lemuel_flame_loot_1
D:3:      layout_basic, chei_slow_surprise, mainiacjoe_overflow_catwalk_spiral,
          corexii_item_surrounded_by_moat, uniq_sigmund

Skill      XL: |  1  2  3  4 |
---------------+-------------+-----
Shields        | 4 |  4.3
Armour         | 4 |  4.6
Maces & Flails | 3 |  3.5
Fighting       | 4 |  4.0
Short Blades   | |  0.8
Dodging        | |  0.5

Action                   |  1- 3 |  4- 6 || total
-------------------------+-------+-------++-------
Melee: Flail             |    83 |    16 ||    99
       Headbutt          |     5 |     5 ||    10
       Short sword       |       |    27 ||    27
  Use: Scroll            |     5 |     3 ||     8
       Potion            |       |     2 ||     2
Armor: Scale mail        |    29 |       ||    29
       Chain mail        |    17 |    13 ||    30
Dodge: Dodged            |    33 |     6 ||    39
Block: Buckler           |     9 |       ||     9
       Kite shield       |    26 |    30 ||    56
       Reflection        |       |     2 ||     2

Table legend: (Time is in decaauts)
 A = Elapsed time spent in this place.
 B = Non-inter-level travel time spent in this place.
 C = Inter-level travel time spent in this place.
 D = Time resting spent in this place.
 E = Time spent auto-exploring this place.
 F = Levels seen in this place.
 G = Mean time per level.
                   A        B        C        D        E       F      G
               +--------+--------+--------+--------+--------+-----+--------+
         Total |   2838 |   2748 |     90 |      0 |   2022 |   3 |  946.0 |
       Dungeon |   2838 |   2748 |     90 |      0 |   2022 |   3 |  946.0 |
               +--------+--------+--------+--------+--------+-----+--------+

Top non-repeatable levels by time:
     D:2: 1461 daAuts
     D:1: 1143 daAuts
     D:3: 233 daAuts
